 Dungeon Crawl Stone Soup version 0.26.0-45-g9c1d065592 (webtiles) character file.

Game seed: 1087702989448190126

409 kaeus the Sneak (level 6, -6/64 HPs)
             Began as an Octopode Monk on Jan 27, 2021.
             Mangled by a two-headed ogre
             ... wielding a cursed +0 giant club
              (8 damage)
             ... on level 4 of the Dungeon.
             The game lasted 00:03:18 (4052 turns).

kaeus the Sneak (Octopode Monk)                     Turns: 4052, Time: 00:03:19

Health: -6/64      AC: 23    Str: 10    XL:     6   Next: 89%
Magic:  0/6        EV:  2    Int: 13    God:
Gold:   185        SH:  0    Dex: 16    Spells: 5/5 levels left

rFire    . . .     SeeInvis +   f - +4 dagger
rCold    . . .     Faith    .   (no shield)
rNeg     + + +     Spirit   +   (helmet currently unavailable)
rPois    +         Reflect  .   d - amulet of guardian spirit
rElec    .         Harm     .   l - ring of see invisible
rCorr    .         Rampage  .   o - ring of poison resistance
Will     .....     NoTele   +   (no ring)
Stlth    +++.......             (no ring)
HPRegen  0.20/turn              (no ring)
MPRegen  0.10/turn              (no ring)
                                (no ring)
                                (no ring)

@: tree-form
A: almost no armour, stealthy swim, (amphibious), 8 rings, (constrict 8)
a: no special abilities


You were on level 4 of the Dungeon.
You were a tree.
You visited 1 branch of the dungeon, and saw 4 of its levels.

You collected 185 gold pieces.

Inventory:

Hand Weapons
 f - a +4 dagger (weapon)
Jewellery
 d - an amulet of guardian spirit (around neck)
 l - a ring of see invisible (left branch)
 o - a ring of poison resistance (right branch)
Scrolls
 c - 7 scrolls of identify {unknown}
 h - 3 scrolls of remove curse {unknown}
 i - 2 scrolls of immolation {unknown}
 j - a scroll of amnesia {unknown}
 k - a scroll of enchant armour {unknown}
 n - a scroll of teleportation {unknown}
 p - a scroll of magic mapping {unknown}
Potions
 a - a potion of curing {unknown}
 b - 2 potions of lignification
 e - 3 potions of degeneration {unknown}
 g - a potion of mutation {unknown}
 m - a potion of brilliance {unknown}


   Skills:
 + Level 4.2 Fighting
 + Level 4.2 Short Blades
 + Level 4.2 Dodging
 * Level 6.7 Stealth


You had 5 spell levels left.
You didn't know any spells.
Your spell library contained the following spells:

 Spells                   Type           Power        Failure   Level
 Corona                   Hex            0%           30%         1
 Ensorcelled Hibernation  Hex/Ice        0%           43%         2
 Confusing Touch          Hex            0%           67%         3
 Dazzling Flash           Conj/Hex       0%           67%         3
 Tukima's Dance           Hex            0%           67%         3


Dungeon Overview and Level Annotations

Branches:
Dungeon (4/15)
 Temple: D:4-7

Altars:
Ashenzari
Hepliaklqana
Kikubaaqudgha
Okawaru
Sif Muna
Trog
Wu Jian

Annotations:
D:4 4 runed translucent doors


Innate Abilities, Weirdness & Mutations

You cannot wear most types of armour.
You are very stealthy in the water. (Stealth+)
((You are amphibious.))
You can wear up to eight rings at the same time.
((You can use your tentacles to constrict eight enemies at once.))
((Your skin changes colour to match your surroundings (Stealth+).))
((Your rubbery body absorbs attacks. (AC +1, EV +1)))


Message History

The two-headed ogre closely misses you. The two-headed ogre barely misses you.
The orc misses you.
There are monsters nearby!
You barely miss the two-headed ogre. The orc misses you.
The two-headed ogre hits you with a cursed +0 giant club!!
Ouch! That really hurt!
The two-headed ogre hits you with a +0 giant spiked club!!
* * * LOW HITPOINT WARNING * * *
There are monsters nearby!
You take 42 damage, and have 1/43 hp.
MASSIVE DAMAGE!!
You now have 0/6 mp.
You are too injured to fight recklessly!
There are monsters nearby!
You are too injured to fight recklessly!
There are monsters nearby!
You are too injured to fight recklessly!
There are monsters nearby!
It was a potion of lignification.
You turn into a tree.
Your roots penetrate the ground.
The orc barely misses you.
The two-headed ogre hits you with a cursed +0 giant club!
You die...

# #.# #.# #... # #.#
#.# #... # #####.# #.#
#... # #.....## #.#
##.# #
##.###..######.### #.#
# ##................##
#.#
###..######..######.|#
#.# ....##
####.o..##.# #.# ##..#
#(##♣#.#.# #(# ###.#
#O.#.#.# #.# # #.#
..###.#.# #.# # #.#
#)##.#.#.# #.# #.##
###.#.##.# #.#
#..###+# #'###..# #.#
##.....######......#
#.#
###..##8}?8##.###.#
#.# #..#8....8#.###.#
#.#


You could see a two-headed ogre and an orc.

Vanquished Creatures
  A howler monkey (D:4)
  2 vampire bats (D:2)
  A hound (D:4)
  An orc wizard (D:4)
  A centaur skeleton (D:4)
  A worker ant (D:4)
  6 adders
  A howler monkey skeleton (D:4)
  An ooze (D:3)
  A worm (D:2)
  2 dart slugs
  4 leopard geckos
  6 orcs (D:4)
  A ball python (D:4)
  4 bat skeletons (D:2)
  2 bat zombies (D:2)
  2 giant cockroaches
  11 goblins
  12 hobgoblins
  4 jackals (D:4)
  8 kobolds
  6 quokkas
  9 bats
  6 frilled lizards
  3 rats
96 creatures vanquished.

Notes
Turn   | Place    | Note
-------+----------+-------------------------------------------
     0 | D:1      | kaeus the Octopode Monk began the quest for the Orb.
     0 | D:1      | Reached XP level 1. HP: 16/16 MP: 1/1
    91 | D:1      | Reached skill level 3 in Stealth
    98 | D:1      | Reached XP level 2. HP: 14/21 MP: 2/2
   465 | D:1      | Reached XP level 3. HP: 24/26 MP: 3/3
   827 | D:2      | Reached skill level 4 in Stealth
  1242 | D:2      | Found an ancient bone altar of Kikubaaqudgha.
  1245 | D:2      | Reached XP level 4. HP: 31/31 MP: 4/4
  1250 | D:2      | Reached skill level 5 in Stealth
  1250 | D:2      | Reached XP level 5. HP: 34/36 MP: 5/5
  1512 | D:2      | Found a bloodstained altar of Trog.
  1586 | D:2      | Found an iron altar of Okawaru.
  1913 | D:3      | Found a shimmering blue altar of Sif Muna.
  1920 | D:3      | Found a hazy altar of Hepliaklqana.
  2146 | D:3      | Found a broken altar of Ashenzari.
  2958 | D:4      | Reached XP level 6. HP: 43/43 MP: 6/6
  3123 | D:4      | Found a large runed translucent door.
  3123 | D:4      | Found a large runed translucent door.
  3124 | D:4      | Found the +0 pair of fencer's gloves {Riposte Dex+3}
  3125 | D:4      | Noticed an ice beast
  3140 | D:4      | Reached skill level 6 in Stealth
  3591 | D:4      | Found an ornate altar of the Wu Jian Council.
  4011 | D:4      | Found a large runed translucent door.
  4011 | D:4      | Found a large runed translucent door.
  4049 | D:4      | Noticed a two-headed ogre
  4051 | D:4      | HP: 1/43 [two-headed ogre/cursed +0 giant club (19)]
  4052 | D:4      | Mangled by a two-headed ogre

Illustrated notes

Levels and vault maps discovered:
D:1:      lemuel_arrival_river_bridge, layout_rooms, serial_corexii_hall,
          corexii_hall_statues_s, chequers_hall_statues_y,
          corexii_hall_statues_u
D:2:      layout_basic, kennysheep_vampire_church, okawaru_altar_gauntlet_db,
          overflow_temple_1_default
D:3:      layout_loops_corners, nicolae_overflow_hidden_temple,
          grunt_temple_overflow_open, grunt_ministairs_2,
          chequers_serial_rivers_room_a, lightli_corner_chamber
D:4:      layout_basic, lemuel_round_altar, minmay_hollow_rounded_squares

Skill      XL: |  1  2  3  4  5  6 |
---------------+-------------------+-----
Stealth        | 3 4 5 6 |  6.7
Dodging        | 4 |  4.2
Fighting       | 4 |  4.2
Short Blades   | 4 |  4.2

Action                   |  1- 3 |  4- 6 || total
-------------------------+-------+-------++-------
Melee: Dagger            |    85 |   111 ||   196
       Constrict         |    23 |    28 ||    51
       Short sword       |     2 |       ||     2
       Tentacles         |     9 |    22 ||    31
  Use: Potion            |       |     1 ||     1
 Stab: Sleeping          |    10 |    11 ||    21
Armor: Skin              |    14 |     9 ||    23
Dodge: Dodged            |    74 |    78 ||   152
